[Event "Swiss Championship U16 2022"]
[Site "Biel"]
[Date "2022.07.18"]
[Round "1.1"]
[White "Gemelli, Romain"]
[Black "Schellenberg, Simon"]
[Result "1/2-1/2"]
[ECO "E60"]
[WhiteElo "2045"]
[BlackElo "1899"]
[Annotator "TA"]
[PlyCount "74"]
[EventDate "2022.07.18"]
[EventType "swiss"]
[EventCountry "SUI"]
[SourceTitle "playchess.com"]
[Source "ChessBase"]
[SourceQuality "1"]
[TimeControl "5400+30"]

1. d4 Nf6 2. c4 g6 3. h4 Bg7 4. Nc3 d5 5. h5 O-O ({Don't take} 5... gxh5 6. cxd5 c6 7. dxc6 $14 (7. e4 cxd5 8. e5 Ne4 $16)) 6. hxg6 {[%emt 0:12:00] E60: King's Indian: Unusual lines and Fianchetto Variation without Nc3.} hxg6 7. Bg5 c5 8. dxc5 {[%emt 0:00:35][%cal Rc4d5] [#] Black has an edge.} d4 $146 (8... Ne4 {looks sharper.} 9. Nxe4 dxe4 10. Qc1 Na6) ({Predecessor:} 8... Qa5 9. Qd2 d4 10. Bxf6 dxc3 11. Bxc3 Bxc3 12. Qxc3 Qxc3+ 13. bxc3 Be6 14. e3 Rc8 {1-0 (32) Azmaiparashvili,Z (2632)-Belov,V (2600) Playchess.com INT 2007}) 9. Bxf6 Bxf6 10. Ne4 Bg7 {[%emt 0:06:45][%mdl 1024] Black has compensation.} 11. Qd2 Bf5 12. Ng3 Be6 13. b3 Qc7 14. Nf3 Qxc5 15. Ne4 Qb6 16. Neg5 Bg4 17. Rd1 Nc6 18. Rh4 Bxf3 19. exf3 Rad8 (19... a5 $15) 20. Bd3 $11 Qb4 21. f4 e6 22. Nf3 Qd6 23. Kf1 Rfe8 24. Re1 a5 25. Qe2 a4 26. Ng5 axb3 27. axb3 {[%emt 0:01:44] Black must now prevent Qg4.} Nb4 {[%emt 0:02:00] [#]} (27... Qe7 $1 $11) 28. f5 ({White should play} 28. Nxf7 $1 $16 Kxf7 29. Bxg6+ Kf8 30. Bxe8 Rxe8 31. f5) 28... Nxd3 29. fxg6 {[%emt 0:00:00] [#]} (29. fxe6 $11 {was the only way to keep the balance.} f6 30. Nf7 Qxe6 31. Nxd8 Qxe2+ 32. Rxe2 Rxd8 33. Rhe4) 29... fxg6 $1 30. Qxd3 $40 {[%emt 0:00:28][%mdl 128] White has strong attack. Chess con chili.} e5 31. Ne4 {[%emt 0:00:30] Against Qf6} ({Don't do} 31. Qf3 $6 Qf6 32. Qg3 Qf5 $14) 31... Qe6 {[%emt 0:01:16] [#]} 32. Qg3 (32. Rh3 $1 $18) 32... Qf5 $16 33. Rg4 {[%emt 0:00:31] White is more active.} Re6 34. Rg5 Qf7 35. Rg4 Qf5 36. Rg5 Qf7 37. Rg4 {[%emt 0:01:03] Strongly threatening Ng5.} Qf5 $1 {[%emt 0:00:00] Weighted Error Value: White=0.27 (precise) /Black=0.20 (precise)} 1/2-1/2

[Event "Swiss Championship U16 2022"]
[Site "Biel"]
[Date "2022.07.18"]
[Round "1.2"]
[White "Palmonella, Valentin"]
[Black "Erne, Raphael"]
[Result "0-1"]
[ECO "B11"]
[WhiteElo "1778"]
[BlackElo "2060"]
[Annotator "TA"]
[PlyCount "66"]
[EventDate "2022.07.18"]
[EventType "swiss"]
[EventCountry "SUI"]
[SourceTitle "playchess.com"]
[Source "ChessBase"]
[SourceQuality "1"]
[TimeControl "5400+30"]

1. e4 c6 2. Nc3 d5 3. Nf3 Nf6 4. e5 Ne4 5. d4 Nxc3 6. bxc3 {[%emt 0:00:07] B11: Caro-Kann: Two Knights Variation.} c5 7. c4 $1 Nc6 8. c3 {[%emt 0:38:30] The position is equal.} cxd4 9. cxd4 Bg4 {[%emt 0:03:05] [#]} 10. Bb2 $146 (10. Rb1 $11) ({Predecessor:} 10. Rb1 Rb8 11. Be2 e6 12. O-O Be7 13. cxd5 Qxd5 14. Be3 O-O 15. Qa4 Rfd8 16. Rb5 Qd7 17. Rfb1 {0-1 (42) Peng,D (2287)-Brunner,N (2418) Chess.com INT 2020}) 10... e6 $1 $15 11. c5 Be7 12. Qb3 (12. Bc3 $15) 12... Qc7 13. Nd2 O-O 14. h3 Bf5 15. g4 Bg6 16. h4 f6 17. h5 Be8 18. exf6 Bxf6 19. Qe3 (19. Nf3 $17 {was the only defense.}) 19... e5 $19 20. Bg2 exd4 ({Don't blunder} 20... Nxd4 $2 21. Bxd5+ Kh8 22. O-O $19) 21. Qb3 Bf7 {[%emt 0:04:11] White must now prevent ...Na5.} 22. O-O-O $2 (22. O-O {keeps fighting.}) 22... Na5 23. Qb4 (23. Qb5 {was necessary.}) 23... Rac8 {[%emt 0:01:08] [#] aiming for ...b6.} 24. Kb1 Qxc5 (24... b6 $19 25. cxb6 axb6) 25. Qa4 $2 (25. Qxc5 $17 Rxc5 26. Nb3 Nxb3 27. axb3) 25... d3 {[%emt 0:03:54] Threatens to win with ...Bxb2.} 26. Rc1 Qb6 27. Nb3 Bxb2 28. Rxc8 Rxc8 29. Kxb2 Qxf2+ {[%emt 0:00:21] Black mates.} 30. Ka3 Nc4+ 31. Kb4 a5+ 32. Nxa5 Qc5+ 33. Kb3 Nxa5+ {[%emt 0:00:04] Black took control after the opening.  Weighted Error Value: White=0.76/Black=0.28 (precise)} 0-1

[Event "Swiss Championship U16 2022"]
[Site "Biel"]
[Date "2022.07.18"]
[Round "1.3"]
[White "Papaux, Steve"]
[Black "Kwiatkowski, Jakub"]
[Result "1/2-1/2"]
[ECO "C26"]
[WhiteElo "2031"]
[BlackElo "1770"]
[Annotator "TA"]
[PlyCount "91"]
[EventDate "2022.07.18"]
[EventType "swiss"]
[EventCountry "SUI"]
[SourceTitle "playchess.com"]
[Source "ChessBase"]
[SourceQuality "1"]
[TimeControl "5400+30"]

1. a3 e5 2. e4 Nf6 3. Nc3 Bc5 4. Nf3 d6 5. Bc4 c6 6. O-O {[%emt 0:00:50] C26: Vienna Game: 2...Nf6, sidelines .} O-O 7. d4 exd4 8. Nxd4 {[%emt 0:03:49] The position is equal.} Re8 $1 {[%emt 0:00:00] [#]} 9. b4 $146 ({Predecessor:} 9. Bg5 Nbd7 10. Nf5 Ne5 11. Ba2 Bxf5 12. exf5 d5 13. h3 b5 14. Kh1 Qd6 15. Bf4 {0-1 (24) Langschmidt,D (1944)-Mantau,J (2049) Remote email 2014}) 9... Bb6 10. Be3 Ng4 11. h3 Nxe3 12. fxe3 Be6 13. Bxe6 fxe6 14. Qf3 {[%emt 0:02:30] aiming for Qf7+.} Qe7 {[%emt 0:03:49] Against Qf7+} 15. Nce2 Nd7 16. Nf4 Qf7 17. Qe2 {[%emt 0:07:45] [#]} ({White should play} 17. Nd3 $15 Qxf3 18. gxf3) 17... Nf6 $1 $17 18. Nd3 Qg6 19. e5 {[%emt 0:08:52] [#]} dxe5 20. Nxe5 Qe4 21. Nef3 e5 $2 (21... Nd5 $19 {Hoping for ...e5.} 22. c4 Qxe3+ 23. Qf2 Qxf2+ 24. Rxf2 e5 25. cxd5 exd4) 22. Nd2 $1 $15 {[%emt 0:01:58] [#]} Qxe3+ 23. Qxe3 Bxd4 24. Qxd4 exd4 25. Nb3 d3 26. cxd3 Re3 27. Rf3 (27. Rfe1 $11 Rae8 28. Kf1) 27... Rxf3 28. gxf3 {[%emt 0:00:30][%mdl 4096] Endgame KRN-KRN} Re8 (28... Rd8 $5 ) 29. Kf2 Nd5 30. Re1 (30. Na5 $11) 30... Rxe1 31. Kxe1 {[%emt 0:00:59] KN-KN} Nf4 32. d4 $2 ({Better is} 32. Kf2 $15) 32... Nxh3 $19 33. Nc5 Ng5 34. Ke2 b6 35. Nd7 Ne6 36. Ke3 g6 37. Ne5 Nd8 38. a4 Kg7 39. b5 $2 (39. Nc4 {is a better defense.}) 39... cxb5 40. axb5 Kf6 41. Ke4 Ke6 42. d5+ Kd6 43. Kd4 Kc7 (43... g5 $142 {Strongly threatening ...h5.} 44. Nc4+ Ke7) 44. f4 Kd6 45. Nc4+ Ke7 {[%emt 0:00:47] ...Nf7 is the strong threat.} 46. Ne5 {[%emt 0:01:25] Weighted Error Value: White=0.28 (precise) /Black=0.16 (very precise)} 1/2-1/2

[Event "Swiss Championship U16 2022"]
[Site "Biel"]
[Date "2022.07.18"]
[Round "1.4"]
[White "Hirzel, Cedric"]
[Black "Kostov, Kyrill"]
[Result "0-1"]
[ECO "E90"]
[WhiteElo "1649"]
[BlackElo "2008"]
[Annotator "TA"]
[PlyCount "62"]
[EventDate "2022.07.18"]
[EventType "swiss"]
[EventCountry "SUI"]
[SourceTitle "playchess.com"]
[Source "ChessBase"]
[SourceQuality "1"]
[TimeControl "5400+30"]

1. d4 Nf6 2. c4 c5 3. d5 b5 4. cxb5 a6 5. bxa6 g6 6. Nc3 Bg7 7. e4 O-O 8. Nf3 d6 9. h3 Qa5 10. Bd2 {[%emt 0:02:04] E90: King's Indian: Classical: Early deviations and 6 h3.} (10. Nd2 $5 ) 10... Bxa6 11. Bxa6 Nxa6 12. O-O {[%emt 0:00:00] White is slightly better.} Rfb8 {[%emt 0:09:16] [#]} 13. a3 $146 (13. b3 $14) ({Predecessor:} 13. Rb1 Nd7 14. a4 Nb6 15. Be1 {½-½ (15) Chloupek,S (2335)-Horak,M (2325) Nymburk 1997}) 13... Nc7 14. Qc2 Qb6 15. Rfb1 Qb3 {[%emt 0:02:29] Prevents b4.} 16. Qxb3 Rxb3 17. Bc1 (17. a4 $11) 17... Nb5 $15 18. Nxb5 Rxb5 19. Nd2 Rab8 20. f3 e6 21. dxe6 fxe6 22. Nf1 Nd7 23. Ne3 (23. a4 $5 Rb3 24. a5 $11) 23... Ne5 {[%emt 0:03:30][%mdl 1024] Black has compensation.} ({Much less strong is} 23... Bxb2 24. Bxb2 Rxb2 25. Rxb2 Rxb2 26. Nc4 $16) 24. Ra2 Nd3 25. Kf1 (25. b4 $15) 25... Bh6 ({Black should play} 25... Rb3 $17 26. Bd2 Nxb2) 26. Ke2 (26. Bd2 $11 {remains equal.}) 26... Rb3 $36 {[%emt 0:00:51][%mdl 2048] Black is on the roll. Black is much more active. The white rooks are badly placed.} 27. Bd2 Bxe3 ({But not} 27... Nxb2 $6 28. Nd1 Nxd1 29. Rxb3 Rxb3 30. Kxd1 Bxd2 31. Rxd2 $11) 28. Bxe3 {[%emt 0:01:11] [#]} Nxb2 (28... d5 $1 $17) 29. Bf4 $2 {[#]} (29. a4 $11 {and White is okay.}) 29... Nd3 $1 $19 30. Bxd6 (30. Rxb3 $142 Nxf4+ 31. Ke3 Nxg2+ 32. Kf2 Rxb3 33. Kxg2) 30... Rxb1 31. Bxb8 $2 (31. Kxd3 Rd1+ 32. Rd2 Rb3+ 33. Ke2 Rxd2+ 34. Kxd2) 31... Nc1+ {[%emt 0:00:35] Weighted Error Value: White=0.67/Black=0.21 (precise)} 0-1

[Event "Swiss Championship U16 2022"]
[Site "Biel"]
[Date "2022.07.18"]
[Round "1.5"]
[White "Kasipour Azbari, Seyed Arvin"]
[Black "Knapp, Yanik"]
[Result "1-0"]
[ECO "B22"]
[WhiteElo "1944"]
[BlackElo "1675"]
[Annotator "TA"]
[PlyCount "67"]
[EventDate "2022.07.18"]
[EventType "swiss"]
[EventCountry "SUI"]
[SourceTitle "playchess.com"]
[Source "ChessBase"]
[SourceQuality "1"]
[TimeControl "5400+30"]

1. e4 c5 2. c3 d5 3. exd5 Qxd5 4. d4 Nf6 5. Nf3 e6 6. Na3 Nc6 7. Be3 {[%emt 0:00:45] The modern move.} Ng4 {[%emt 0:01:24] B22: Sicilian: 2 c3.} 8. Bc4 (8. Bg5 {is interesting.} Bd7 9. h3 Nf6 10. dxc5 Bxc5 11. Nc4) 8... Nxe3 9. fxe3 Qd8 {[%emt 0:05:45] [#] White has an edge.} 10. d5 $146 ({Predecessor:} 10. O-O Be7 11. e4 cxd4 12. cxd4 O-O 13. Kh1 a6 14. Nc2 b5 15. Bd3 f5 16. Qe2 {1-0 (37) Milliet,S (2407)-Botsari,A (2286) Novi Sad 2009}) 10... exd5 11. Bxd5 {[%emt 0:03:04] [#] Black must now prevent 0-0.} Be7 12. Qb3 O-O 13. O-O-O {[%emt 0:12:58] Strongly threatening Bxc6.} Qc7 14. Rhf1 Bg4 15. h3 Bh5 16. g4 Bg6 17. h4 h5 18. gxh5 Bxh5 19. Qc2 $1 Rad8 20. Qg2 (20. Qe4 $11 {keeps the balance.}) 20... Bf6 $17 21. e4 {[%emt 0:05:17] [#]} Ne5 ({Black should play} 21... Ne7 $1 $17 22. Nc2 Nxd5 23. exd5 Qf4+ 24. Rd2 Bg6) 22. Nxe5 $11 Bxe5 {[%emt 0:06:46] A strong pair of Bishops.} 23. Rde1 a6 (23... Bg3 $15 {stays ahead.} 24. Rg1 Qf4+ 25. Kb1 Rxd5 26. Qxg3 Qxg3 27. Rxg3 Re8) 24. Qg5 {[%emt 0:02:04] White is more active.} ({Better is} 24. Nc4 $16 {Qg5 is the strong threat.} Bf4+ 25. Kb1) 24... g6 25. Nc4 $36 {[%emt 0:01:58][%mdl 2048] Black is under pressure.} Bg7 26. Ne3 {[%emt 0:02:06][%cal Oe3f5] Black should prevent Nf5!} Qe5 {[%emt 0:02:50] Prevents Nf5.} (26... Kh7 $1 $11) 27. Nf5 gxf5 (27... Rd7 $142) 28. Rxf5 $2 (28. Qxh5 $16 {is forced if you want to stay better.} f4 29. Qf3) 28... Qd6 $4 29. Qxh5 {[%emt 0:00:17] Intending Rg1 and mate.} Qh6+ 30. Qxh6 Bxh6+ 31. Kc2 {[%emt 0:00:27] aiming for c4.} Rd7 32. Ref1 {[%emt 0:00:46] Hoping for c4.} Kg7 $2 (32... Kh7 {was worth a try.} 33. a3 Re7) 33. c4 $18 f6 34. e5 {[%emt 0:00:14] Weighted Error Value: White=0.54/Black=0.38} 1-0

[Event "Swiss Championship U16 2022"]
[Site "Biel"]
[Date "2022.07.18"]
[Round "1.6"]
[White "Sosnovski, Nikita"]
[Black "Zargarov, Mikayel"]
[Result "0-1"]
[ECO "B30"]
[WhiteElo "1584"]
[BlackElo "1994"]
[Annotator "TA"]
[PlyCount "52"]
[EventDate "2022.07.18"]
[EventType "swiss"]
[EventCountry "SUI"]
[SourceTitle "playchess.com"]
[Source "ChessBase"]
[SourceQuality "1"]
[TimeControl "5400+30"]

1. e4 c5 2. Nf3 Nc6 3. Bb5 e6 4. Bxc6 bxc6 5. e5 f6 6. O-O {[%emt 0:06:21] B30: Sicilian: 2...Nc6 3 Bb5, lines without ...g6.} fxe5 7. Nxe5 {[%emt 0:00:51] Hoping for Qh5+.} Nf6 {[%emt 0:08:25] Inhibits Qh5+.} 8. d4 {[%emt 0:20:57] The position is equal.} d6 {[%emt 0:08:29] [#]} 9. Ng4 $146 ({Wrong is} 9. Nxc6 $2 Qc7 10. Qf3 Bb7 $19) ({Predecessor:} 9. Nf3 cxd4 10. Nxd4 e5 11. Re1 Be7 12. Nxc6 Qc7 13. Nxe7 Qxe7 14. Nc3 Bb7 15. Bg5 {1-0 (46) Abarca Gonzalez,N (2380)-Hakobyan,A (2615) Chess.com INT 2022}) 9... cxd4 10. Qxd4 Be7 11. c4 O-O 12. Nc3 Nxg4 13. Qxg4 e5 14. Qe4 Qc7 (14... Qe8 $15) 15. Nd5 $1 $14 Qd8 16. Nxe7+ (16. c5 {with more complications.} Bh4 17. cxd6 Qxd6 18. Nc3) 16... Qxe7 17. Bd2 Bb7 18. Qg4 c5 19. Rae1 Qf7 20. b3 e4 (20... Rae8 $11) 21. f4 (21. Be3 $14) 21... exf3 $1 $11 22. Rf2 (22. gxf3 $11 Rae8 23. h4) 22... Rae8 $17 23. Ref1 {[%emt 0:01:09] [#] This move loses the game for White.} (23. Rxe8 $17 Qxe8 24. gxf3) 23... Re6 $1 $19 24. Rxf3 Bxf3 25. Rxf3 Rf6 26. Rxf6 (26. Bc3 $142 Rxf3 27. gxf3) 26... Qxf6 {[%emt 0:00:55] Weighted Error Value: White=0.54/Black=0.13 (very precise)} 0-1

[Event "Swiss Championship U16 2022"]
[Site "Biel"]
[Date "2022.07.18"]
[Round "1.7"]
[White "Doetsch-Thaler, Nicos"]
[Black "Saminskij, David"]
[Result "1-0"]
[ECO "C07"]
[WhiteElo "1837"]
[BlackElo "1469"]
[Annotator "NA COMBH"]
[PlyCount "117"]
[EventDate "2022.07.18"]
[EventType "swiss"]
[EventCountry "SUI"]
[SourceTitle "playchess.com"]
[Source "ChessBase"]
[SourceQuality "1"]
[TimeControl "5400+30"]

1. e4 e6 2. d4 d5 3. Nd2 c5 4. exd5 Qxd5 5. Ngf3 Nf6 6. Bc4 Qh5 7. O-O b6 8. c3 Bb7 9. Bb5+ Nbd7 10. Re1 cxd4 11. Re5 Qg6 12. Rg5 Qh6 13. Nc4 Rc8 14. Nfe5 Qh4 15. Nxd7 Nxd7 16. Rg4 Qe7 17. Ne5 Rc5 18. Bxd7+ Kd8 19. cxd4 Rxe5 20. dxe5 Qxd7 21. Bg5+ Ke8 22. Qxd7+ Kxd7 23. Be3 h5 24. Ra4 Bc5 25. Bxc5 bxc5 26. Rxa7 Kc6 27. Rd1 Kb6 28. Ra3 Bd5 29. Rg3 g6 30. a3 Rb8 31. Kf1 c4 32. Ke2 Kc5 33. Rd2 Be4 34. Rc3 Bxg2 35. Rdc2 Kd5 36. Rxc4 Kxe5 37. b4 Bd5 38. Rc5 Kd4 39. Rd2+ Ke5 40. Ke3 Ra8 41. Rd3 f5 42. f4+ Kf6 43. h4 Be4 44. Rdc3 Rd8 45. b5 Rd1 46. Rc8 e5 47. fxe5+ Kxe5 48. Re8+ Kf6 49. b6 Re1+ 50. Kf2 Rb1 51. Rb8 Ke5 52. a4 Kd4 53. Ra3 f4 54. Rd8+ Bd5 55. Ra2 Kc4 56. Rc2+ Kd3 57. Rxd5+ Kxc2 58. Rb5 Rd1 59. b7 1-0

[Event "Swiss Championship U16 2022"]
[Site "Biel"]
[Date "2022.07.18"]
[Round "1.8"]
[White "Gendre, Arthur"]
[Black "Rotunno, Flavio"]
[Result "0-1"]
[ECO "E11"]
[WhiteElo "1414"]
[BlackElo "1901"]
[Annotator "TA"]
[PlyCount "82"]
[EventDate "2022.07.18"]
[EventType "swiss"]
[EventCountry "SUI"]
[SourceTitle "playchess.com"]
[Source "ChessBase"]
[SourceQuality "1"]
[TimeControl "5400+30"]

1. d4 Nf6 2. c4 e6 3. Nf3 Bb4+ 4. Bd2 c5 5. a3 Bxd2+ 6. Qxd2 {[%emt 0:00:19] E11: Bogo-Indian.} cxd4 7. Nxd4 O-O 8. Nc3 {[%emt 0:02:27] The position is equal.} a6 {[%emt 0:03:46] [#]} 9. c5 $146 (9. Rd1 $14) ({Predecessor:} 9. e4 d6 10. Be2 b6 11. O-O Bb7 12. f3 Qc7 13. Rfd1 Rd8 14. Rac1 Nbd7 15. b4 {1-0 (77) Sanchez Alvares,K (2194)-Leitao,R (2592) Chess.com INT 2022}) 9... d6 $11 10. cxd6 Qxd6 11. Nf3 Qxd2+ 12. Kxd2 (12. Nxd2 $11 Rd8 13. g3) 12... Nc6 13. e3 Rd8+ 14. Kc2 e5 15. Bd3 {[%emt 0:07:36] [#] Inhibits Bf5.} b5 (15... Rxd3 $1 $15 16. Kxd3 e4+ 17. Nxe4 Bf5) 16. b4 ({Don't go for} 16. Be4 $2 Nxe4 17. Nxe4 Bf5 $19) 16... Bb7 17. Be2 Rac8 18. Rhd1 {[%emt 0:05:00] [#]} e4 (18... Ne4 $1 $15 19. Nxe4 Nd4+ 20. Kb2 Bxe4 21. Nxd4 exd4) 19. Nd2 Ne5 20. Kb2 Nd3+ 21. Bxd3 exd3 (21... Rxd3 $2 22. Ndxe4 $1 Bxe4 23. Nxe4 $16) 22. f3 {[%emt 0:01:18] [#]} (22. e4 $15) 22... Nd5 $1 $17 {[%emt 0:06:09] Black is more active.} 23. Rac1 (23. Nxd5 $17 Rc2+ 24. Kb1 Bxd5 25. a4) 23... Nxe3 $19 24. Rg1 Nc4+ (24... f5 $19 {Hoping for ...Rc7.} 25. Rce1 Re8) 25. Nxc4 $17 bxc4 26. Rcd1 Bc6 27. Rge1 Re8 28. Kc1 f6 29. Kd2 Kf7 30. Rxe8 Rxe8 31. Re1 $2 {[%emt 0:09:03] Loses the game.} (31. a4 $17) 31... Rxe1 $19 32. Kxe1 {[%emt 0:00:09][%mdl 4096] Endgame KB-KN} Ke6 {[%emt 0:00:09] Strongly threatening ...Ke5.} 33. Kd2 Ke5 {[%emt 0:00:44] White must now prevent ...Kd4.} 34. a4 $2 (34. Ke3 {was called for.}) 34... Kd4 35. b5 axb5 36. axb5 Bb7 37. b6 Kc5 38. Na4+ Kb4 39. Nc3 Ka5 40. Nd1 (40. Ke3 $142) 40... Kxb6 41. Kc3 Bd5 {[%emt 0:01:20] Weighted Error Value: White=0.45/Black=0.14 (very precise)} 0-1

[Event "Swiss Championship U16 2022"]
[Site "Biel"]
[Date "2022.07.18"]
[Round "2.1"]
[White "Erne, Raphael"]
[Black "Zargarov, Mikayel"]
[Result "1/2-1/2"]
[ECO "A26"]
[WhiteElo "2060"]
[BlackElo "1994"]
[Annotator "TA"]
[PlyCount "120"]
[EventDate "2022.07.18"]
[EventType "swiss"]
[EventCountry "SUI"]
[SourceTitle "playchess.com"]
[Source "ChessBase"]
[SourceQuality "1"]
[TimeControl "5400+30"]

1. c4 e5 2. g3 Nc6 3. Nc3 g6 4. Bg2 Bg7 5. Nf3 d6 6. d3 Nge7 7. Rb1 O-O 8. O-O h6 9. b4 {[%emt 0:02:55] A26: English Opening vs King's Indian with ...Nc6 and d3.} Nd4 {[%emt 0:08:55] [#]} 10. a4 $146 ({Predecessor:} 10. Nxd4 exd4 11. Nd5 Nxd5 12. cxd5 h5 13. Bb2 Re8 14. Rc1 Bg4 15. Re1 Qd7 16. Rc4 a5 17. bxa5 Rxa5 {½-½ (82) O'Gorman,T (2401)-Lutsko,A (2392) Dortmund 2022}) 10... c6 11. Ne1 {[%emt 0:07:56] White is slightly better.} f5 12. e3 Ne6 13. Nc2 d5 (13... f4 {seems wilder.} 14. b5 Ng5 15. h4 Nh3+) 14. cxd5 cxd5 15. d4 e4 16. b5 b6 17. a5 bxa5 18. Ba3 Bf6 19. Na1 {[%emt 0:03:01][%mdl 1024] White has compensation.} Rb8 20. Qb3 Bb7 21. Rfc1 (21. Qa2 $14) 21... Qd7 (21... Rf7 $1 $11) 22. Qa4 (22. Qa2 $16) 22... a6 (22... f4 $14) 23. Bf1 $18 Ra8 (23... f4 $16 {was called for.}) 24. Nb3 axb5 25. Bxb5 Qd8 26. Bd7 Bc8 27. Bb5 Bb7 $1 28. Nc5 $36 {[%emt 0:00:21][%mdl 2048] Keeping Black busy.} Nxc5 (28... Bc8 $142 29. Bc6 Nxc5 30. Bxc5 Nxc6) 29. dxc5 {[%emt 0:02:27] [#] c6 is the strong threat.} (29. Bxc5 $6 Rf7 30. Bd7 Bc8 $16) 29... Rf7 $2 (29... Bxc3 30. c6 Bc8) 30. c6 Ba6 31. c7 Qxc7 {[%emt 0:02:47] [#]} 32. Nxd5 Qd8 (32... Nxd5 33. Rxc7) 33. Bxa6 Rxa6 34. Qc4 Re6 35. Nxe7+ Rexe7 36. Bxe7 Qxe7 37. Qc8+ Kg7 38. Qc5 ({Much less strong is} 38. Rb8 Rf8 $18) 38... Qxc5 39. Rxc5 {[%emt 0:00:17][%mdl 4096] Endgame KRR-KRB} Ra7 40. Rcb5 Be7 (40... a4 $2 41. Rb7+ Rxb7 42. Rxb7+ Kf8 43. Ra7 $18) (40... h5 $142 41. Rb7+ Rxb7 42. Rxb7+ Kh6) 41. Rb7 Rxb7 42. Rxb7 {[%emt 0:00:21] KR-KB} Kf6 43. Rb6+ Kf7 44. Ra6 Bb4 45. f3 exf3 46. Kf2 {[%emt 0:00:40] Inhibits Be1+.} Bc3 (46... h5 $142 47. Kxf3 Kg7) 47. Kxf3 h5 48. h3 Bd2 49. Rd6 Bb4 50. Rc6 Bd2 51. Rc2 Bb4 52. g4 hxg4+ 53. hxg4 Kf6 54. Rg2 (54. Rc6+ $16 Kg5 55. gxf5 gxf5 56. Rb6) 54... Bc3 55. Rc2 (55. g5+ $14 Kf7 56. Rh2) 55... Bb4 $16 56. Kf4 {[%emt 0:00:42] Threatens to win with Rc6+.} Bd6+ 57. Kf3 Bb4 58. Rc4 (58. Rc6+ $16 Kg5 59. gxf5 gxf5 60. Rb6) 58... Kg5 ({Better is} 58... Bd6 $14) 59. Rd4 ({White should play} 59. gxf5 Kxf5 60. e4+ Ke5 61. Ke3) 59... Bc3 (59... Kf6 $142) 60. Rd3 (60. Rd5 $16) 60... fxg4+ {[%emt 0:00:39] Black defended with fortune.  Weighted Error Value: White=0.36/Black=0.25 (precise)} 1/2-1/2

[Event "Swiss Championship U16 2022"]
[Site "Biel"]
[Date "2022.07.18"]
[Round "2.2"]
[White "Kostov, Kyrill"]
[Black "Doetsch-Thaler, Nicos"]
[Result "1-0"]
[ECO "B48"]
[WhiteElo "2008"]
[BlackElo "1837"]
[Annotator "TA"]
[PlyCount "135"]
[EventDate "2022.07.18"]
[EventType "swiss"]
[EventCountry "SUI"]
[SourceTitle "playchess.com"]
[Source "ChessBase"]
[SourceQuality "1"]
[TimeControl "5400+30"]

1. e4 c5 2. Nf3 e6 3. d4 cxd4 4. Nxd4 Nc6 5. Nc3 Qc7 6. Be2 a6 7. Be3 Nf6 8. a3 b5 9. O-O {[%emt 0:06:26] B48: Sicilian: Taimanov: 5 Nc3 Qc7 6 Be3 a6 without Be2.} Be7 10. Kh1 Bb7 11. f4 {[%emt 0:04:24] The position is equal.} O-O 12. e5 Ne8 13. Bf3 d6 {[%emt 0:13:00] [#]} 14. exd6 $146 (14. Qe2 $11 {keeps the balance.}) ({Predecessor:} 14. Nxc6 Bxc6 15. Bxc6 Qxc6 16. Qg4 Qc4 17. Qg3 Rc8 18. Rf2 dxe5 19. Rd1 exf4 20. Bxf4 {0-1 (67) Malicka,M (2116)-Hommel,N (1864) Kouty nad Desnou 2017}) 14... Nxd6 $17 15. Qe2 Bf6 16. Rad1 Rad8 17. Na2 Ne7 (17... Bxd4 $17 18. Bxd4 Nxd4 19. Rxd4 Bxf3 20. Rxf3 Nc4) 18. Nb4 a5 19. Na2 (19. Nd3 $142) 19... Nd5 20. c3 Qc4 (20... Rb8 $142 21. Nc1 b4 22. cxb4 axb4) 21. Qxc4 Nxc4 22. Bc1 Ba6 ({Black should try} 22... Bxd4 $17 23. cxd4 Rd7 24. Bxd5 Rxd5) 23. Rfe1 $15 Ne7 24. Nb3 Nf5 25. Nc5 Bc8 26. b3 Nb6 27. g4 Be7 28. Nd3 (28. Rxd8 $11 Rxd8 29. Nxe6 Bxe6 30. gxf5) 28... Nd6 (28... Nh4 $17 29. Be4 Nd5) 29. Ne5 $11 Bf6 30. Be3 Nd5 31. Nc6 Rd7 32. Ne5 Bxe5 33. fxe5 Nb7 34. c4 (34. Bd4 $11) 34... bxc4 $15 35. bxc4 Nxe3 36. Rxd7 Bxd7 (36... Nc2 {keeps more tension.} 37. Rc7 Nxe1 38. Be4 f6) 37. Rxe3 Nc5 38. Re1 (38. Nc3 $15) 38... Rb8 $17 {[%emt 0:00:24] [#] Hoping for ...Rb3.} 39. Nc1 {[%emt 0:00:16] Against Rb3} Kf8 40. Kg2 Rb2+ 41. Re2 Rb1 42. Re1 (42. Rc2 $17 {might work better.}) 42... Ra1 (42... Ba4 $19 {Strongly threatening ...Bc2.} 43. Nd3 Rxe1 44. Nxe1 Nd7) 43. Nd3 $1 $15 Ra2+ (43... Rxe1 $15 44. Nxe1 Ba4) 44. Re2 $11 Rxe2+ 45. Bxe2 Nxd3 46. Bxd3 {[%emt 0:00:04][%mdl 4096] Endgame KB-KB} Ke7 47. Kf3 ({Much weaker is} 47. Bxh7 g6 $15) 47... h6 48. Ke3 Bc6 49. Be2 Kd7 50. Kd4 Kc7 51. Kc5 f5 52. gxf5 exf5 53. e6 {[%emt 0:00:34] And now Bh5 would win.} g5 $2 {[%emt 0:00:41][%mdl 8192] [#]} (53... f4 $11) 54. Bh5 $1 $18 f4 55. e7 g4 56. Bxg4 {[%emt 0:00:31] Intending Bh5 and mate.} Be8 {[%emt 0:00:08] Against Bh5} 57. Kd5 h5 58. Bd1 h4 59. Ke5 (59. Ke6 $142 h3 60. c5 a4 61. Ke5 f3 62. Bxf3 Kd7 63. Kf6 Kc8 64. Bd5) 59... Bf7 60. Kf6 {[%emt 0:00:40] White mates.} Be8 61. Kg7 Kd6 62. Kf8 Bc6 63. e8=Q Bxe8 64. Kxe8 Kc5 65. Be2 f3 66. Bf1 Kd4 67. Kd7 Ke3 68. c5 {[%emt 0:00:23] White used his chance.  Weighted Error Value: White=0.23 (precise) /Black=0.40} 1-0